 Dungeon Crawl Stone Soup version 0.21.0-3-g78d12a8 (webtiles) character file.

303 theanonym the Grave Robber (level 5, -3/40 HPs)
             Began as a Demigod Necromancer on Jan 14, 2018.
             Killed from afar by an orc wizard (8 damage)
             ... with a magic dart
             ... on level 4 of the Dungeon.
             The game lasted 00:08:05 (3791 turns).

theanonym the Grave Robber (Demigod Necromancer)    Turns: 3791, Time: 00:08:05

Health: -3/40      AC:  8    Str: 11    XL:     5   Next: 91%
Magic:  8/11       EV: 11    Int: 21    God:
Gold:   79         SH:  0    Dex: 16    Spells: 4/8 levels left

rFire    . . .     SeeInvis .   s - +1 long sword
rCold    . . .     Gourm    .   (no shield)
rNeg     . . .     Faith    .   v - +0 ring mail (curse) {7}
rPois    .         Spirit   .   (no helmet)
rElec    .         Reflect  .   (no cloak)
rCorr    .         Harm     .   (no gloves)
MR       .....                  (no boots)
Stlth    +.........             p - amulet of magic regeneration
HPRegen  0.13/turn              o - +3 ring of protection
MPRegen  0.37/turn              (no ring)

@: slowed, very slow
A: high mp 1
a: no special abilities


Innate Abilities, Weirdness & Mutations

You have an increased reservoir of magic. (+10% MP)


   Skills:
 + Level 1.3 Fighting
 - Level 1.7 Dodging
 - Level 1.7 Stealth
 + Level 2.2 Spellcasting
 + Level 6.4 Necromancy


You had 4 spell levels left.
You knew the following spells:

 Your Spells              Type           Power        Failure   Level  Hunger
a - Pain                  Necr           ####         2%          1    #......
b - Vampiric Draining     Necr           ####......   8%          3    ###....

Skill      XL: |  1  2  3  4  5 |
---------------+----------------+-----
Necromancy     | 4 5 6 |  6.4
Spellcasting   | 2 |  2.2
Fighting       | 1 |  1.3
Dodging        | |  1.7
Stealth        | |  1.7

Action                   |  1- 3 |  4- 6 || total
-------------------------+-------+-------++-------
Melee: Long sword        |     1 |    38 ||    39
 Cast: Pain              |    68 |    29 ||    97
       Vampiric Draining |     1 |     6 ||     7
  Use: Scroll            |     1 |     3 ||     4
  Eat: Ration            |     1 |     1 ||     2
       Chunk             |     2 |     2 ||     4
Armor: Leather armour    |     4 |    14 ||    18
       Ring mail         |       |    15 ||    15
Dodge: Dodged            |     4 |    33 ||    37
       Rpst.: Long sword |     1 |    11 ||    12

Inventory:

Hand Weapons
 d - a +0 dagger
   (You took it off a goblin on level 1 of the Dungeon)
 j - a +0 flail
   (You found it on level 2 of the Dungeon)
 s - a +1 long sword (weapon)
   (You found it on level 3 of the Dungeon)
Armour
 a - a +0 robe {0}
 c - a +0 leather armour {4}
   (You found it on level 1 of the Dungeon)
 u - a +0 shield
   (You found it on level 3 of the Dungeon)
 v - a cursed +0 ring mail (worn) {7}
   (You took it off an orc on level 3 of the Dungeon)
Jewellery
 o - a +3 ring of protection (left hand)
   (You found it on level 2 of the Dungeon)
 p - an amulet of magic regeneration (around neck)
   (You found it on level 3 of the Dungeon)
Scrolls
 f - a scroll of amnesia {unknown}
 g - 3 scrolls of remove curse
 l - a scroll of enchant weapon
 m - a scroll of random uselessness {unknown}
 n - a scroll of blinking {unknown}
 t - a scroll of fear {unknown}
Potions
 h - a potion of resistance {unknown}
 i - 2 potions of brilliance
 k - 2 potions of curing {unknown}
 q - a potion of ambrosia {unknown}
Books
 b - a book of Necromancy
Comestibles
 e - 5 rations
 r - 6 chunks of flesh


You were on level 4 of the Dungeon.
You were not hungry.

You visited 1 branch of the dungeon, and saw 4 of its levels.

You collected 79 gold pieces.

Dungeon Overview and Level Annotations

Branches:
Dungeon (4/15)
 Temple: D:4-7

Annotations:
D:4 komo4ek's ghost, amateur HuHu

#..###.########
.....#..........
......'....(..... ###.##
##..##'#### .# ##
#.##..##....##.#
................
................
.......<[.......
.......@.......#
......oo.......#
#.##..##o##....#
#.##..##o##....#
...#......# ...# #
...'..o...# ...# # ..
...#...)..# ..# #
..#########..o.######
##..##.....##...o###..#####


You could see 2 orc wizards and 2 orcs.

Notes
Turn   | Place    | Note
-------+----------+-------------------------------------------
     0 | D:1      | theanonym the Demigod Necromancer began the quest for the Orb.
     0 | D:1      | Reached XP level 1. HP: 14/14 MP: 5/5
    96 | D:1      | Reached skill level 4 in Necromancy
   233 | D:1      | Reached XP level 2. HP: 16/20 MP: 1/7
  1476 | D:2      | Reached XP level 3. HP: 26/26 MP: 6/8
  1692 | D:3      | Learned a level 3 spell: Vampiric Draining
  1831 | D:3      | HP: 11/26 [orc priest/divine providence (12)]
  1832 | D:3      | Reached skill level 5 in Necromancy
  1855 | D:3      | HP: 7/26 [orc/club (1)]
  2081 | D:3      | Found a bloodstained altar of Trog.
  2298 | D:3      | Reached XP level 4. HP: 26/33 MP: 0/9
  2574 | D:4      | Noticed komo4ek's ghost (amateur HuHu)
  2613 | D:4      | HP: 16/33 [komo4ek's ghost (2)]
  2615 | D:4      | HP: 6/33 [komo4ek's ghost (7)]
  2615 | D:4      | HP: 2/33 [komo4ek's ghost (1)]
  2973 | D:4      | HP: 15/33 [komo4ek's ghost (4)]
  3263 | D:4      | Noticed an orc warrior
  3302 | D:3      | Reached skill level 6 in Necromancy
  3302 | D:3      | Reached XP level 5. HP: 36/38 MP: 8/10
  3557 | D:4      | Reached skill level 2 in Spellcasting
  3582 | D:4      | Reached skill level 1 in Fighting
  3770 | D:4      | HP: 19/40 [orc wizard/magic dart (5)]
  3775 | D:4      | HP: 19/40 [orc wizard/magic dart (1)]
  3781 | D:4      | HP: 18/40 [orc wizard/magic dart (2)]
  3786 | D:4      | HP: 16/40 [orc wizard/puff of flame (5)]
  3791 | D:4      | HP: 7/40 [orc wizard/puff of flame (6)]
  3791 | D:4      | Killed from afar by an orc wizard

Vanquished Creatures
  A hound (D:3)
  3 orc priests
  3 orc wizards
  A worker ant (D:4)
  An adder (D:4)
  5 dart slugs
  2 leopard geckos
  6 orcs
  2 ball pythons
  5 giant cockroaches
  3 goblins
  7 hobgoblins
  4 bats
  7 frilled lizards
  2 kobolds
  A leopard gecko skeleton (D:4)
  3 rats (D:1)
56 creatures vanquished.

Table legend:
 A = Turns spent in this place as a percentage of turns spent in the entire game.
 B = Non-inter-level travel turns spent in this place as a percentage of non-inter-level travel turns spent in the entire game.
 C = Inter-level travel turns spent in this place as a percentage of turns spent in this place.
 D = Turns resting spent in this place as a percentage of non-inter-level travel turns spent in this place.
 E = Turns spent auto-exploring this place as a percentage of non-inter-level travel turns spent in this place.
 F = Non-inter-level travel turns spent in this place divided by the number of levels of this place that you've seen.
                   A       B       C       D       E      F
               +-------+-------+-------+-------+-------+----------------------
         Total | 100.0 | 100.0 |   5.7 |  42.3 |  44.6 | 893.8
       Dungeon | 100.0 | 100.0 |   5.7 |  42.3 |  44.6 | 893.8
               +-------+-------+-------+-------+-------+----------------------
